 Dungeon Crawl Stone Soup version 0.29.0 (webtiles) character file.

Game seed: 7190543777884311949

15 themarg the Insei (level 2, -1/23 HPs)
             Began as a Gnoll Transmuter on Aug 24, 2022.
             Succumbed to an adder's poison
             ... on level 2 of the Dungeon.
             The game lasted 00:02:28 (576 turns).

themarg the Insei (Gnoll Transmuter)                 Turns: 576, Time: 00:02:28

Health: -1/23      AC:  3    Str:  9    XL:     2   Next: 50%
Magic:  4/7        EV: 13    Int: 12    God:
Gold:   7          SH:  0    Dex: 12    Spells: 7/10 levels left

rFire   . . .      SeeInvis .   d - +0 dagger
rCold   . . .      Faith    .   (no shield)
rNeg    . . .      Spirit   .   a - +0 robe
rPois   .          Reflect  .   (no helmet)
rElec   .          Harm     .   (no cloak)
rCorr   .          Rampage  .   c - +0 pair of gloves
Will    .....                   (no boots)
Stlth   +.........              (no amulet)
HPRegen 0.07/turn               (no ring)
MPRegen 0.10/turn               (no ring)

@: lethally poisoned (-1 -> -12), wereblooded (expiring)
A: fangs 1, strong nose, distributed training
a: no special abilities


You were on level 2 of the Dungeon.
You visited 1 branch of the dungeon, and saw 2 of its levels.

You collected 7 gold pieces.

Inventory:

Hand Weapons
 d - a +0 dagger (weapon)
Armour
 a - a +0 robe (worn)
 c - a +0 pair of gloves (worn)
Potions
 b - a potion of lignification


   Skills:
 + Level 2.5 Fighting
 + Level 0.5 Short Blades
 + Level 0.5 Long Blades
 + Level 0.5 Axes
 + Level 0.5 Maces & Flails
 + Level 0.5 Polearms
 + Level 0.5 Staves
 + Level 0.5 Ranged Weapons
 + Level 0.5 Throwing
 + Level 0.5 Armour
 + Level 4.5 Dodging
 + Level 0.5 Stealth
 + Level 0.5 Shields
 + Level 6.5 Unarmed Combat
 + Level 4.9 Spellcasting
 + Level 0.3 Conjurations
 + Level 0.3 Hexes
 + Level 0.3 Summonings
 + Level 0.3 Necromancy
 + Level 0.3 Translocations
 + Level 3.7 Transmutations
 + Level 0.3 Fire Magic
 + Level 0.3 Ice Magic
 + Level 0.3 Air Magic
 + Level 0.3 Earth Magic
 + Level 0.3 Poison Magic
 + Level 0.6 Invocations
 + Level 0.5 Evocations


You had 7 spell levels left.
You knew the following spells:

 Your Spells              Type           Power      Damage    Failure   Level
a - Beastly Appendage     Tmut           22%        N/A       4%          1
b - Wereblood             Tmut           11%        N/A       7%          2

Your spell library contained the following spells:

 Spells                   Type           Power      Damage    Failure   Level
 Passwall                 Tmut/Erth      5%         N/A       13%         2
 Ensorcelled Hibernation  Hex/Ice        6%         N/A       26%         2
 Spider Form              Tmut/Pois      7%         N/A       26%         3
 Dazzling Flash           Conj/Hex       6%         N/A       45%         3
 Swiftness                Air            3%         N/A       45%         3
 Ice Form                 Ice/Tmut       7%         N/A       65%         4
 Agony                    Necr           3%         N/A       99%         5
 Silence                  Hex/Air        1%         N/A       99%         5


Dungeon Overview and Level Annotations

Branches:
Dungeon (1/15)

Altars:


Innate Abilities, Weirdness & Mutations

You have very sharp teeth.
Your uncanny sense of smell can sniff out nearby items.
Your experience applies equally to all skills.


Message History

Your horns disappear.
Your talons disappear.
You hit the adder but do no damage. Your bite misses the adder.
The adder closely misses you. The adder bites you.
You barely miss the adder. You bite the adder.
The adder is lightly wounded.
The adder bites you but does no damage.
You miss the adder. You punch the adder.
The adder is moderately wounded.
The adder bites you.
You are poisoned.
The adder poisons you!
You closely miss the adder. Your punch misses the adder.
The adder is moderately wounded.
You feel sick. The adder bites you but does no damage.
You hit the adder but do no damage.
The adder is moderately wounded.
You howl as the wereblood boils in your veins!
You feel sick. The adder barely misses you. The adder bites you.
You are lethally poisoned!
The adder poisons you!
You hit the adder but do no damage.
The adder is moderately wounded.
You feel very sick. The adder bites you but does no damage.
You barely miss the adder.
The adder is moderately wounded.
Your primal bloodlust is almost over.
* * * LOW HITPOINT WARNING * * *
You feel sick. The adder bites you.
* * * LOW HITPOINT WARNING * * *
You are more poisoned.
The adder poisons you!
You hit the adder.
The adder is moderately wounded.
* * * LOW HITPOINT WARNING * * *
You feel very sick. The adder bites you but does no damage.
You barely miss the adder.
The adder is moderately wounded.
You die...

### #.. .. .# ##.#
############..#
#...##.......########
#...##>.)....@S......
#...##.####......####
#...##.# #.####.#
#...##.# #.# #
#....).# #.# ##.#####
#.# #.. ..# ### ...


You could see an adder.

Vanquished Creatures
  A dart slug (D:1)
  An endoplasm (D:1)
  A goblin (D:1)
  A hobgoblin (D:1)
  3 kobolds
  A quokka (D:1)
  2 ball pythons (D:1)
  A bat (D:1)
  A rat (D:1)
12 creatures vanquished.

Notes
Turn   | Place    | Note
-------+----------+-------------------------------------------
     0 | D:1      | themarg the Gnoll Transmuter began the quest for the Orb.
     0 | D:1      | Reached XP level 1. HP: 17/17 MP: 6/6
   247 | D:1      | Reached XP level 2. HP: 23/23 MP: 5/7
   266 | D:1      | Learned a level 2 spell: Wereblood
   321 | D:1      | Found a faded altar of an unknown god.
   534 | D:1      | You fall into a shaft and drop 1 floor!
   575 | D:2      | HP: 1/23 [poisoned by an adder]
   576 | D:2      | Succumbed to an adder's poison

Illustrated notes

Levels and vault maps discovered:
D:1:      dpeg_chamrin_arrival_tetris, layout_basic,
          dreamdust_ecumenical_altar_angels_and_demons
D:2:      layout_basic, uniq_terence

Action                   || total
-------------------------++-------
Melee: Unarmed           ||     6
       Kick              ||     5
       Headbutt          ||     5
       Club              ||     9
       Dagger            ||    21
       Punch             ||     2
       Bite              ||     1
 Cast: Beastly Appendage ||     9
       Wereblood         ||     2
Armor: Robe              ||    10
Dodge: Dodged            ||    22
